HSSL
INDIANAPOLIS HS CHAOS @ TACOMA HS TORCHMEN
04/03/2030
 
TOP OF THE 1ST
Indianapolis HS Chaos batting - Pitching for Tacoma HS Torchmen : RHP Joel Hill
Pitching: RHP Joel Hill
Batting: LHB Jason Hudson 0-0: Ball
1-0: Ball
2-0: Ball
3-0: Base on Balls
Batting: LHB William Morgan 0-0: Called Strike
0-1: Ball
1-1: Swinging Strike
Jason Hudson steals 2nd base
1-2: Strikes out looking
Batting: RHB Bryan Reed 0-0: Ball
1-0: Foul Ball, location: 2F
1-1: Ground out 5-3 (Groundball, 56)
Batting: RHB Andy Norris 0-0: Foul Ball, location: 2F
0-1: Ball
1-1: Fly out, F7 (Flyball, 7)
Top of the 1st over - 0 runs, 0 hits, 0 errors, 1 left on base; Indianapolis HS 0 - Tacoma HS 0
BOTTOM OF THE 1ST
Tacoma HS Torchmen batting - Pitching for Indianapolis HS Chaos : RHP Armando Vázquez
Pitching: RHP Armando Vázquez
Batting: RHB Sam Davis 0-0: Ball
1-0: Called Strike
1-1: Ground out 6-3 (Groundball, 6)
Batting: RHB David Carter 0-0: Ball
1-0: Called Strike
1-1: Ball
2-1: Ball
3-1: Swinging Strike
3-2: Ground out 1-3 (Groundball, 13S)
Batting: RHB Bruce Cooper 0-0: Swinging Strike
0-1: Ball
1-1: Ball
2-1: Ball
3-1: Foul Ball, location: 2F
3-2: Base on Balls
Batting: RHB Jim Lipscomb 0-0: Ball
1-0: Foul Ball, location: 2F
1-1: Foul Ball, location: 2F
1-2: Ball
2-2: Ball
3-2: Strikes out looking
Bottom of the 1st over - 0 runs, 0 hits, 0 errors, 1 left on base; Indianapolis HS 0 - Tacoma HS 0
TOP OF THE 2ND
Indianapolis HS Chaos batting - Pitching for Tacoma HS Torchmen : RHP Joel Hill
Batting: LHB José Alonzo 0-0: Ball
1-0: Ball
2-0: Foul Ball, location: 2F
2-1: Called Strike
2-2: Strikes out swinging
Batting: RHB Brian Carriaga 0-0: Ball
1-0: Foul Ball, location: 2F
1-1: Ball
2-1: Foul Ball, location: 2F
2-2: SINGLE (Groundball, 34S) (infield hit)
Batting: RHB Eric Pierce 0-0: Ball
1-0: Ball
2-0: Swinging Strike
2-1: Fly out, F8 (Line Drive, 8RM)
Batting: RHB Héctor Núñez 0-0: Fly out, F8 (Flyball, 8LS)
Top of the 2nd over - 0 runs, 1 hit, 0 errors, 1 left on base; Indianapolis HS 0 - Tacoma HS 0
BOTTOM OF THE 2ND
Tacoma HS Torchmen batting - Pitching for Indianapolis HS Chaos : RHP Armando Vázquez
Batting: RHB Glenn Browne 0-0: Ball
1-0: Ball
2-0: Fly out, F9 (Flyball, 89M)
Batting: LHB Joseph Wood 0-0: Called Strike
0-1: Foul Ball, location: 2F
0-2: Strikes out swinging
Batting: RHB Bobby Jackson 0-0: Ball
1-0: Fly out, F2 (Popup, 23F)
Bottom of the 2nd over - 0 runs, 0 hits, 0 errors, 0 left on base; Indianapolis HS 0 - Tacoma HS 0
TOP OF THE 3RD
Indianapolis HS Chaos batting - Pitching for Tacoma HS Torchmen : RHP Joel Hill
Batting: RHB Jonathan Thompson 0-0: Swinging Strike
0-1: Ground out 3-1 (Groundball, 34)
Batting: LHB Jason Hudson 0-0: Hit by Pitch
Batting: LHB William Morgan 0-0: Ball
Jason Hudson steals 2nd base
1-0: Called Strike
1-1: Swinging Strike
1-2: Ground out 4-3 (Groundball, 4)
Jason Hudson to third
Batting: RHB Bryan Reed 0-0: SINGLE (Groundball, 6D)
Jason Hudson scores
Batting: RHB Andy Norris 0-0: Ball
1-0: Called Strike
1-1: Ball
2-1: Called Strike
2-2: Ball
Bryan Reed steals 2nd base
3-2: Base on Balls
Batting: LHB José Alonzo 0-0: Ball
1-0: Called Strike
1-1: Fly out, F5 (Popup, 56)
Top of the 3rd over - 1 run, 1 hit, 0 errors, 2 left on base; Indianapolis HS 1 - Tacoma HS 0
BOTTOM OF THE 3RD
Tacoma HS Torchmen batting - Pitching for Indianapolis HS Chaos : RHP Armando Vázquez
Batting: LHB Ben Underwood 0-0: Ball
1-0: Ball
2-0: Called Strike
2-1: Swinging Strike
2-2: Ground out U3 (Groundball, 34)
Batting: LHB Alberto Barrios 0-0: Ball
1-0: Foul Ball, location: 2F
1-1: DOUBLE (Flyball, 7LD)
Batting: RHB Sam Davis 0-0: Called Strike
0-1: Called Strike
0-2: Ball
1-2: Ball
2-2: Ball
3-2: Base on Balls
Batting: RHB David Carter 0-0: Ball
1-0: SINGLE (Groundball, 56D)
Alberto Barrios to third
Sam Davis to second
Batting: RHB Bruce Cooper 0-0: Ball
1-0: Swinging Strike
1-1: Called Strike
1-2: Ball
2-2: Ball
3-2: Base on Balls
Alberto Barrios scores
Sam Davis to third
David Carter to second
Batting: RHB Jim Lipscomb 0-0: Ball
1-0: Called Strike
1-1: Fly out, F8 (Flyball, 8RM)
Runner from 3rd tags up, SCORES, no throw
Batting: RHB Glenn Browne 0-0: Ball
1-0: Ball
2-0: Ball
Passed Ball!
David Carter to third
Bruce Cooper to second
3-0: Called Strike
3-1: Called Strike
3-2: Strikes out swinging
Bottom of the 3rd over - 2 runs, 2 hits, 0 errors, 2 left on base; Indianapolis HS 1 - Tacoma HS 2
TOP OF THE 4TH
Indianapolis HS Chaos batting - Pitching for Tacoma HS Torchmen : RHP Joel Hill
Batting: RHB Brian Carriaga 0-0: Ball
1-0: Called Strike
1-1: Called Strike
1-2: Strikes out swinging
Batting: RHB Eric Pierce 0-0: Ball
1-0: Ball
2-0: Swinging Strike
2-1: Ball
3-1: SINGLE (Groundball, 6MD)
Batting: RHB Héctor Núñez 0-0: Ball
1-0: Called Strike
1-1: Fly out, F7 (Flyball, 78M)
Batting: RHB Jonathan Thompson 0-0: Ball
1-0: SINGLE (Flyball, 8RS)
Eric Pierce to second
Batting: LHB Jason Hudson 0-0: Ball
1-0: Ball
2-0: Fly out, F6 (Line Drive, 6)
Top of the 4th over - 0 runs, 2 hits, 0 errors, 2 left on base; Indianapolis HS 1 - Tacoma HS 2
BOTTOM OF THE 4TH
Tacoma HS Torchmen batting - Pitching for Indianapolis HS Chaos : RHP Armando Vázquez
Batting: LHB Joseph Wood 0-0: Called Strike
0-1: Foul Ball, location: 2F
0-2: Ball
1-2: Strikes out looking
Batting: RHB Bobby Jackson 0-0: Foul Ball, location: 2F
0-1: Ball
1-1: Ball
2-1: Swinging Strike
2-2: Ball
3-2: Foul Ball, location: 2F
3-2: Base on Balls
Batting: LHB Ben Underwood 0-0: Ball
Passed Ball!
Bobby Jackson to second
1-0: Hit by Pitch
Batting: LHB Alberto Barrios 0-0: Ball
1-0: Ball
2-0: Foul Ball, location: 2F
2-1: Ball
3-1: Base on Balls
Bobby Jackson to third
Ben Underwood to second
Batting: RHB Sam Davis 0-0: Ball
1-0: Fly out, F8 (Flyball, 8LS)
Runner from 3rd tags up, SCORES, no throw
Pitching: LHP Lonnie Christensen
Batting: RHB David Carter 0-0: Called Strike
0-1: Swinging Strike
0-2: Ball
1-2: Ball
2-2: Foul Ball, location: 2F
2-2: Ball
3-2: Fly out, F6 (Line Drive, 6)
Bottom of the 4th over - 1 run, 0 hits, 0 errors, 2 left on base; Indianapolis HS 1 - Tacoma HS 3
TOP OF THE 5TH
Indianapolis HS Chaos batting - Pitching for Tacoma HS Torchmen : RHP Joel Hill
Batting: LHB William Morgan 0-0: Ground out 4-3 (Groundball, 34)
Batting: RHB Bryan Reed 0-0: Ball
1-0: Ball
2-0: Ball
3-0: Base on Balls
Batting: RHB Andy Norris 0-0: Ball
1-0: Ball
2-0: Ball
3-0: Swinging Strike
3-1: Foul Ball, location: 2F
3-2: Foul Ball, location: 2F
3-2: Base on Balls
Bryan Reed to second
Batting: LHB José Alonzo 0-0: Called Strike
0-1: Ball
1-1: Swinging Strike
1-2: Ball
2-2: Ball
3-2: SINGLE (Flyball, 8LS)
Bryan Reed to third
Andy Norris to second
Bryan Reed scores
Andy Norris to third
Pitching: RHP Gil Hartman
Batting: RHB Brian Carriaga 0-0: Ball
1-0: Ball
2-0: Ground out 3-1 (Groundball, 34S)
Andy Norris scores
José Alonzo to second
Batting: RHB Eric Pierce 0-0: Called Strike
0-1: Ball
1-1: Called Strike
1-2: Foul Ball, location: 2F
1-2: Ball
2-2: Strikes out looking
Top of the 5th over - 2 runs, 1 hit, 0 errors, 1 left on base; Indianapolis HS 3 - Tacoma HS 3
BOTTOM OF THE 5TH
Tacoma HS Torchmen batting - Pitching for Indianapolis HS Chaos : LHP Lonnie Christensen
Batting: RHB Bruce Cooper 0-0: Ball
1-0: Called Strike
1-1: Fly out, F4 (Line Drive, 4)
Batting: RHB Jim Lipscomb 0-0: Ball
1-0: Ball
2-0: Called Strike
2-1: Foul Ball, location: 2F
2-2: Fly out, F7 (Flyball, 7LM)
Batting: RHB Glenn Browne 0-0: Ball
1-0: Swinging Strike
1-1: Foul Ball, location: 2F
1-2: Fly out, F9 (Line Drive, 9)
Bottom of the 5th over - 0 runs, 0 hits, 0 errors, 0 left on base; Indianapolis HS 3 - Tacoma HS 3
TOP OF THE 6TH
Indianapolis HS Chaos batting - Pitching for Tacoma HS Torchmen : RHP Gil Hartman
Batting: RHB Héctor Núñez 0-0: Ball
1-0: Ball
2-0: Fly out, F8 (Flyball, 8LD)
Batting: RHB Jonathan Thompson 0-0: Called Strike
0-1: Foul Ball, location: 2F
0-2: Ground out 1-3 (Groundball, P)
Batting: LHB Jason Hudson 0-0: TRIPLE (Flyball, 7D)
Batting: LHB William Morgan 0-0: Foul Ball, location: 2F
0-1: Called Strike
0-2: Ball
1-2: Ball
2-2: Ball
3-2: Base on Balls
Batting: RHB Bryan Reed 0-0: Ball
1-0: Ball
2-0: SINGLE (Groundball, 4S) (infield hit)
Jason Hudson scores
William Morgan to second
Batting: RHB Andy Norris 0-0: Called Strike
0-1: Foul Ball, location: 2F
0-2: Ball
1-2: Strikes out looking
Top of the 6th over - 1 run, 2 hits, 0 errors, 2 left on base; Indianapolis HS 4 - Tacoma HS 3
BOTTOM OF THE 6TH
Tacoma HS Torchmen batting - Pitching for Indianapolis HS Chaos : LHP Lonnie Christensen
Batting: LHB Joseph Wood 0-0: Ball
1-0: Foul Ball, location: 2F
1-1: Ball
2-1: Ball
3-1: Foul Ball, location: 2F
3-2: Base on Balls
Batting: RHB Bobby Jackson 0-0: Called Strike
0-1: Reached on error, E5 (Groundball, 56)
Joseph Wood to second
Batting: LHB Ben Underwood 0-0: Called Strike
0-1: Ball
1-1: Fly out, F3 (Popup, 34)
Batting: LHB Alberto Barrios 0-0: Called Strike
0-1: Ball
1-1: Ball
2-1: SINGLE (Groundball, 6MD)
Joseph Wood to third
Bobby Jackson to second
Runner from 3rd tries for Home, SAFE, no throw
Batting: RHB Sam Davis 0-0: Called Strike
0-1: Ball
1-1: Foul Ball, location: 2F
1-2: Ball
2-2: TRIPLE (Flyball, 8RXD)
Bobby Jackson scores
Alberto Barrios scores
Pitching: RHP Jody Bowden
Batting: RHB David Carter 0-0: Fly out, F7 (Flyball, 7LD)
Runner from 3rd tags up, SCORES, throw made
Batting: RHB Bruce Cooper 0-0: Called Strike
0-1: Called Strike
0-2: Ball
1-2: Ball
2-2: DOUBLE (Line Drive, 7D)
Batting: RHB Jim Lipscomb 0-0: Ball
1-0: Called Strike
1-1: Called Strike
1-2: Ball
2-2: Strikes out swinging
Bottom of the 6th over - 4 runs, 3 hits, 1 error, 1 left on base; Indianapolis HS 4 - Tacoma HS 7
TOP OF THE 7TH
Indianapolis HS Chaos batting - Pitching for Tacoma HS Torchmen : RHP Gil Hartman
Batting: LHB José Alonzo 0-0: Ball
1-0: SINGLE (Flyball, 78S)
Batting: RHB Brian Carriaga 0-0: Called Strike
0-1: Ball
1-1: SINGLE (Groundball, 56D)
José Alonzo to second
Batting: RHB Eric Pierce 0-0: Ball
1-0: Ball
2-0: SINGLE (Groundball, 4M) (infield hit)
José Alonzo to third
Brian Carriaga to second
Batting: RHB Héctor Núñez 0-0: Ball
1-0: Ball
2-0: Grounds into double play, 4-6-3 (Groundball, 4)
José Alonzo scores
Brian Carriaga to third
Pitching: RHP Chris Preston
Batting: RHB Jonathan Thompson 0-0: Called Strike
0-1: SINGLE (Line Drive, 89S)
Brian Carriaga scores
Pitching: LHP Zack Johnson
Batting: LHB Jason Hudson 0-0: Called Strike
0-1: Ball
1-1: Foul Ball, location: 2F
1-2: Strikes out swinging
Top of the 7th over - 2 runs, 4 hits, 0 errors, 1 left on base; Indianapolis HS 6 - Tacoma HS 7
BOTTOM OF THE 7TH
Tacoma HS Torchmen batting - Pitching for Indianapolis HS Chaos : RHP Jody Bowden
Batting: RHB Glenn Browne 0-0: Ball
1-0: Fly out, F9 (Flyball, 9)
Batting: LHB Joseph Wood 0-0: Ball
1-0: Called Strike
1-1: Ball
2-1: Ball
3-1: Foul Ball, location: 2F
3-2: Foul Ball, location: 2F
3-2: Base on Balls
Batting: RHB Bobby Jackson 0-0: Ball
Joseph Wood steals 2nd base
1-0: Ball
2-0: Ball
3-0: Called Strike
3-1: Foul Ball, location: 2F
3-2: Foul Ball, location: 2F
3-2: Base on Balls
Batting: LHB Ben Underwood 0-0: Ball
1-0: Called Strike
1-1: SINGLE (Groundball, 4MD)
Joseph Wood to third
Bobby Jackson to second
Batting: LHB Alberto Barrios 0-0: Ball
1-0: Called Strike
1-1: Foul Ball, location: 2F
1-2: Ball
2-2: Grounds into fielders choice 3-2 (Groundball, 3)
Bobby Jackson to third
Ben Underwood to second
Batting: RHB Sam Davis 0-0: Hit by Pitch
Bobby Jackson scores
Ben Underwood to third
Alberto Barrios to second
Batting: RHB David Carter 0-0: Reached on error, E6 (Groundball, 6)
Ben Underwood scores
Alberto Barrios to third
Sam Davis to second
Batting: RHB Bruce Cooper 0-0: Foul Ball, location: 2F
0-1: Swinging Strike
0-2: Ball
1-2: Ball
2-2: Ball
3-2: Foul Ball, location: 2F
3-2: Foul Ball, location: 2F
3-2: Base on Balls
Alberto Barrios scores
Sam Davis to third
David Carter to second
Batting: RHB Jim Lipscomb 0-0: Ball
1-0: Ball
2-0: Called Strike
2-1: Ground out U3 (Groundball, 3)
Bottom of the 7th over - 3 runs, 1 hit, 1 error, 3 left on base; Indianapolis HS 6 - Tacoma HS 10
TOP OF THE 8TH
Indianapolis HS Chaos batting - Pitching for Tacoma HS Torchmen : LHP Zack Johnson
Batting: LHB William Morgan 0-0: Ground out 6-3 (Groundball, 6)
Pitching: RHP Thomas Head
Batting: RHB Bryan Reed 0-0: Ball
1-0: Ball
2-0: SINGLE (Groundball, 34D)
Batting: RHB Andy Norris 0-0: Called Strike
0-1: Ball
1-1: Foul Ball, location: 2F
1-2: Ball
2-2: Foul Ball, location: 2F
2-2: Strikes out swinging
Batting: LHB José Alonzo 0-0: Swinging Strike
Pickoff Throw to First - Error! E1
Bryan Reed to second
0-1: Ball
1-1: Ball
2-1: Swinging Strike
2-2: Ground out 3-1 (Groundball, 34)
Top of the 8th over - 0 runs, 1 hit, 1 error, 1 left on base; Indianapolis HS 6 - Tacoma HS 10
BOTTOM OF THE 8TH
Tacoma HS Torchmen batting - Pitching for Indianapolis HS Chaos : RHP Jody Bowden
Pitching: RHP Ben Johnston
Batting: RHB Glenn Browne 0-0: Ball
1-0: SINGLE (Line Drive, 8RS)
Batting: LHB Joseph Wood 0-0: Ball
1-0: Ball
2-0: Ball
3-0: Base on Balls
Glenn Browne to second
Batting: RHB Bobby Jackson 0-0: Foul Ball, location: 2F
0-1: Fly out, F9 (Flyball, 89M)
Batting: LHB Ben Underwood 0-0: Foul Ball, location: 2F
0-1: Swinging Strike
0-2: Ball
1-2: Foul Ball, location: 2F
1-2: Foul Ball, location: 2F
1-2: Foul Ball, location: 2F
1-2: Foul Ball, location: 2F
1-2: Strikes out swinging
Batting: LHB Alberto Barrios 0-0: Ball
1-0: Called Strike
1-1: Foul Ball, location: 2F
1-2: Ball
2-2: Ball
3-2: Base on Balls
Glenn Browne to third
Joseph Wood to second
Batting: RHB Sam Davis 0-0: Fielders Choice at 2nd, 6-4 (Groundball, 6)
Bottom of the 8th over - 0 runs, 1 hit, 0 errors, 3 left on base; Indianapolis HS 6 - Tacoma HS 10
TOP OF THE 9TH
Indianapolis HS Chaos batting - Pitching for Tacoma HS Torchmen : RHP Thomas Head
Batting: RHB Brian Carriaga 0-0: Ball
1-0: Called Strike
1-1: Foul Ball, location: 2F
1-2: Ball
2-2: Strikes out swinging
Batting: RHB Eric Pierce 0-0: Called Strike
0-1: Foul Ball, location: 2F
0-2: Hit by Pitch
Batting: RHB Héctor Núñez 0-0: Ball
1-0: Foul Ball, location: 2F
1-1: Ball
2-1: Foul Ball, location: 2F
2-2: Ball
3-2: Strikes out swinging
Eric Pierce steals 2nd base
Batter strikes out.
Batting: RHB Jonathan Thompson 0-0: Fly out, F7 (Flyball, 7S)
Top of the 9th over - 0 runs, 0 hits, 0 errors, 1 left on base; Indianapolis HS 6 - Tacoma HS 10
Saturday, April 7th, 2018 - OOTP Baseball 18.8 Build 76